Map: Catalyst LE

Players

HellraiseR - Winner!

  • Race: Protoss Protoss
  • League: Grandmaster
  • Spawn Location: 11:00

Denver

  • Race: Zerg Zerg
  • League: Grandmaster
  • Spawn Location: 5:00

VOD

Have the link to the VOD?

Description

Time

  • Played on: Feb. 8, 2018, 9:36 a.m.
  • Length: 8:15
Show
View Real Time Build Order
Export as new Build Order

HellraiseR Protoss - Winner!

Build Orders: 1 Gate Expand, Colossus Rush 

Get SALT Encoding   

  12  0:00  Probe  
  13  0:12  Probe  
  14  0:20  Pylon  
  14  0:24  Probe  
  15  0:39  Probe (Chrono Boost)  
  16  0:44  Gateway  
  16  0:47  Probe (Chrono Boost)  
  16  0:49  Assimilator  
  17  0:53  Probe  
  18  1:05  Probe  
  19  1:21  Nexus  
  19  1:23  Probe (Chrono Boost)  
  21  1:33  Probe (Chrono Boost)  
  21  1:38  Cybernetics Core  
  21  1:42  Assimilator  
  21  1:45  Probe  
  22  1:52  Pylon  
  22  1:57  Probe  
  23  2:10  Probe  
  23  2:12  Adept (Chrono Boost)  
  26  2:17  Warp Gate  
  26  2:22  Robotics Facility  
  26  2:26  Probe (Chrono Boost)  
  27  2:32  Probe (Chrono Boost)  
  29  2:38  Stalker  
  29  2:42  Probe x2 (Chrono Boost)  
  32  2:48  Probe  
  32  2:49  Probe  
  34  3:00  Probe  
  34  3:01  Probe  
  36  3:08  Sentry  
  36  3:09  Immortal (Chrono Boost)  
  42  3:18  Probe  
  42  3:19  Pylon, Probe  
  44  3:30  Probe  
  44  3:34  Probe, Gateway  
  44  3:36  Gateway  
  44  3:37  Warp Prism (Chrono Boost)  
  46  3:42  Probe  
  46  3:46  Probe  
  48  3:48  Assimilator  
  48  3:51  Pylon  
  48  3:54  Probe  
  49  3:58  Probe  
  49  4:02  Robotics Bay  
  50  4:06  Probe  
  51  4:10  Probe  
  52  4:20  Zealot  
  52  4:21  Immortal (Chrono Boost)  
  58  4:24  Pylon  
  58  4:37  Pylon  
  58  4:38  Zealot x2  
  60  4:42  Zealot  
  64  4:50  Colossus (Chrono Boost)  
  66  5:10  Gateway  
  66  5:11  Gateway, Stalker  
  66  5:12  Gateway  
  66  5:13  Gateway  
  66  5:16  Sentry  
  66  5:17  Sentry, Gateway  
  66  5:19  Pylon  
  70  5:28  Pylon  
  70  5:34  Immortal (Chrono Boost), Pylon  
  74  5:39  Sentry  
  74  5:40  Stalker  
  74  5:42  Stalker  
  80  6:04  Stalker x2  
  80  6:06  Stalker  
  80  6:10  Adept x3  
  92  6:12  Adept  
  92  6:14  Pylon  
  94  6:33  Stalker x3  
  94  6:36  Adept x2  
  94  6:37  Zealot x2  
  94  6:39  Zealot  
  110  6:44  Pylon  
  110  6:50  Pylon  
  104  7:03  Stalker x4  
  104  7:07  Stalker  
  114  7:09  Zealot  
  90  7:33  Zealot, Sentry x2  
  90  7:34  Zealot x5  
  106  7:50  Stalker x3  
  112  7:55  Zealot x2, Adept  
  112  7:56  Zealot  
Show
View Real Time Build Order
Export as new Build Order

Denver Zerg 

Build Orders: Hatch First 

Get SALT Encoding   

  12  0:00  Drone  
  13  0:13  Overlord  
  13  0:16  Drone  
  14  0:32  Drone  
  15  0:46  Hatchery  
  14  0:50  Drone  
  14  0:52  Drone  
  14  0:56  Drone  
  17  1:04  Extractor, Drone  
  17  1:17  Spawning Pool  
  16  1:20  Drone  
  16  1:24  Drone  
  18  1:33  Drone  
  19  1:43  Overlord  
  19  1:55  Drone  
  20  2:04  Metabolic Boost, Queen x2  
  24  2:09  Drone  
  24  2:12  Drone  
  24  2:14  Drone  
  27  2:18  Drone  
  28  2:24  Drone  
  29  2:36  Hatchery  
  28  2:39  Drone  
  28  2:40  Drone  
  28  2:43  Drone  
  31  2:47  Overlord  
  31  2:50  Drone  
  32  2:55  Drone  
  33  2:59  Queen  
  33  3:02  Drone  
  36  3:06  Spore Crawler  
  36  3:10  Evolution Chamber  
  34  3:14  Drone  
  34  3:18  Lair  
  38  3:20  Drone x2  
  37  3:30  Drone x3  
  37  3:31  Drone  
  37  3:33  Drone  
  42  3:37  Overlord  
  42  3:40  Drone  
  43  3:45  Drone  
  43  3:48  Roach Warren  
  43  3:50  Drone  
  43  3:51  Drone  
  43  3:55  Drone x2  
  47  3:57  Extractor  
  47  3:59  Extractor, Drone x2  
  48  4:02  Drone  
  48  4:06  Drone x2  
  48  4:07  Drone  
  51  4:10  Overlord  
  51  4:22  Overlord, Overseer  
  51  4:28  Roach x6  
  63  4:32  Overlord  
  63  4:36  Roach  
  65  4:38  Overlord  
  65  4:41  Zergling x2  
  65  4:44  Zergling x8  
  70  4:49  Zergling x6  
  70  4:57  Queen  
  68  5:07  Drone  
  68  5:08  Drone x5  
  68  5:13  Hydralisk Den  
  73  5:17  Zergling x6  
  76  5:22  Glial Reconstitution  
  76  5:24  Drone  
  76  5:25  Overlord  
  77  5:32  Extractor  
  77  5:34  Drone  
  77  5:35  Queen  
  79  5:44  Muscular Augments, Hydralisk  
  79  5:45  Hydralisk x4  
  89  5:52  Overlord x2  
  89  6:02  Overlord  
  89  6:05  Overlord  
  88  6:13  Hydralisk x4  
  88  6:15  Overlord  
  96  6:20  Ravager  
  96  6:25  Roach x5  
  105  6:30  Roach x2  
  103  6:36  Ravager  
  103  6:37  Roach x2  
  108  6:41  Roach x2  
  108  6:43  Roach  
  108  6:45  Overlord  
  113  6:49  Roach x2  
  117  6:55  Ravager  
  118  7:04  Roach x4  
  118  7:05  Overlord x2  
  126  7:14  Roach x2  
  126  7:15  Roach x2  
  118  7:27  Roach x3  
  118  7:28  Roach x2  
  106  7:34  Roach x4  
  104  7:43  Roach x4  
  112  7:47  Roach x2  
  114  7:53  Roach x2  
Tags
 
Add a new tag
Caveats
  • Supply blocks, unpowered buildings, or Contaminate may cause inaccurate times.
  • Supply counts are checked every 10 seconds.